 Dungeon Crawl Stone Soup version 0.29.1-1-gd02db6906a (webtiles) character file.

Game seed: 3938546405854637589

1052 101zpm the Magician (level 8, -6/52 HPs)
             Began as a Djinni Fire Elementalist on Oct 3, 2022.
             Was an Initiate of Makhleb.
             Mangled by a yak (16 damage)
             ... on level 8 of the Dungeon.
             The game lasted 00:21:21 (4678 turns).

101zpm the Magician (Djinni Fire Elementalist)      Turns: 4678, Time: 00:21:22

Health: -6/52      AC:  2    Str: 13    XL:     8   Next: 51%
Gold:   157        EV: 13    Int: 19    God:    Makhleb [......] SH:  0 Dex: 14

rFire   + + +      SeeInvis .   (no weapon)
rCold   x . .      Faith    .   (no shield)
rNeg    . . .      Spirit   .   a - +0 robe
rPois   ∞          Reflect  .   (no helmet)
rElec   .          Harm     .   (no cloak)
rCorr   .          Rampage  .   (no gloves)
Will    .....                   (boots unavailable)
Stlth   ++........              n - amulet of the acrobat
HPRegen 0.17/turn               r - +6 ring of strength
MPRegen 0.00/turn               y - ring of protection from fire

@: flying
A: sickness immunity, fire resistance 2, cold vulnerability 1, float, innate
caster, HP casting, extra vitality 1
a: Renounce Religion


You were on level 8 of the Dungeon.
You worshipped Makhleb.
Makhleb was noncommittal.
You visited 2 branches of the dungeon, and saw 9 of its levels.

You collected 157 gold pieces.

Inventory:

Hand Weapons
 i - a +0 short sword of speed
Missiles
 v - 6 javelins
Armour
 a - a +0 robe (worn)
Jewellery
 n - an amulet of the acrobat (around neck)
 r - a +6 ring of strength (left hand)
 y - a ring of protection from fire (right hand)
Wands
 c - a wand of iceblast (9)
 o - a wand of paralysis (4)
 w - a wand of flame (9)
Scrolls
 e - 2 scrolls of noise {unknown}
 f - a scroll of blinking {unknown}
 h - a scroll of brand weapon {unknown}
 j - 3 scrolls of identify {unknown}
 m - a scroll of vulnerability {unknown}
 q - a scroll of torment {unknown}
 t - a scroll of fog {unknown}
 A - a scroll of acquirement {unknown}
Potions
 b - a potion of berserk rage {unknown}
 d - a potion of heal wounds {unknown}
 g - 3 potions of curing {unknown}
 k - a potion of haste {unknown}
 l - 2 potions of flight {unknown}
 p - a potion of brilliance {unknown}
 s - a potion of cancellation {unknown}
 u - a potion of magic {unknown}
 x - a potion of might {unknown}
 z - 2 potions of lignification {unknown}


   Skills:
 + Level 1.0 Fighting
 + Level 2.9 Dodging
 + Level 2.7 Stealth
 + Level 7.2 Spellcasting


You had 2 spell levels left.
You knew the following spells:

 Your Spells              Type           Power      Damage    Failure   Level
a - Foxfire               Conj/Fire      100%       2x1d9     1%          1
b - Scorch                Fire           68%        2d8       1%          2
c - Conjure Flame         Conj/Fire      34%        6-21      1%          3
d - Inner Flame           Hex/Fire       34%        N/A       1%          3
e - Flame Wave            Conj/Fire      34%        2d10      4%          4
f - Shock                 Conj/Air       100%       1d9       1%          1
g - Call Imp              Summ           34%        N/A       1%          2
h - Tukima's Dance        Hex            34%        N/A       1%          3
Your spell library was empty.

Dungeon Overview and Level Annotations

Branches:
Dungeon (8/15)             Temple (1/1) D:6
   Lair: D:8-11

Altars:
Cheibriados
Dithmenos
Fedhas
Gozag
Hepliaklqana
Makhleb
Nemelex Xobeh
Okawaru
Qazlal
Ru
Uskayaw
Wu Jian
Xom
Yredelemnul
Zin
The Shining One

Shops:
D:5 *   D:6 *


Innate Abilities, Weirdness & Mutations

You are immune to sickness and miasma.
You are immune to poison.
Your flesh is very heat resistant. (rF++)
You are vulnerable to cold. (rC-)
You float through the air rather than walking.
You learn spells naturally, not from books.
Your magical power is your life essence.
You have superior vitality. (+4 MHP)


Message History

The centaur shouts!
The centaur wields a +0 shortbow.
The centaur shoots an arrow.
The arrow closely misses you.
A yak comes into view.
The yak attacks as you move away! The yak misses you.
Your crimson imp blinks!
The yak attacks as you move away! The yak barely misses you.
The yak attacks as you move away! The yak completely misses you.
The yak attacks as you move away! The yak completely misses you.
Casting: Inner Flame (safe; 1% risk of failure)
Confirm with . or Enter, or press ? or * to list all spells.
Aiming: Shock (safe; 1% risk of failure)
Press: ? - help, Shift-Dir - straight line, f/p - yak
Aim: a yak (inner flame, 84% to hit)
The zap hits the yak.
Flame seeps out of the yak.
The yak is lightly wounded.
The zap hits the yak.
Flame seeps out of the yak.
The yak is lightly wounded.
The zap misses the centaur.
The yak is engulfed in blazing flames.
Flame seeps out of the yak.
The yak is engulfed in blazing flames.
Flame seeps out of the yak.
The yak gores you! The yak attacks as you move away! The yak gores you!
The yak is engulfed in blazing flames.
Flame seeps out of the yak.
Casting: Foxfire (safe; 1% risk of failure)
Press: ? - help, Q - select action, (/) - cycle Dir - look around, f - activate You conjure some foxfire!
The yak gores you!
* * * LOW HITPOINT WARNING * * *
The foxfire hits the yak!
Flame seeps out of the yak.
The yak is severely wounded.
The foxfire hits the yak.
Flame seeps out of the yak.
The yak is severely wounded.
The yak is engulfed in blazing flames.
Flame seeps out of the yak.
The yak attacks as you move away! The yak misses you.
Casting: Foxfire (safe; 1% risk of failure)
Press: ? - help, Q - select action, (/) - cycle Dir - look around, f - activate You conjure some foxfire!
* * * LOW HITPOINT WARNING * * *
The yak gores you!
You die...

#.# #.# #.# #c#
#Y# ### #.# ##.##
#.###...##
#.##..v.<###.####
#.°.Y@v..........
####.....###.####
##...## ##.## ###


You could see a yak (inner flame, ally target).

Vanquished Creatures
  Maggie (D:7)
  A sky beast (D:6)
  An ogre (D:5)
  A bullfrog (D:7)
  A necrophage (D:4)
  A scorpion (D:5)
  2 hounds
  4 iguanas
  2 orc wizards
  4 gnolls (D:7)
  2 adders
  A dart slug (D:2)
  10 orcs
  3 ball pythons
  2 bats
  2 endoplasms
  3 giant cockroaches
  A goblin (D:1)
  3 hobgoblins
  2 jackals (D:5)
  3 quokkas
  2 frilled lizards
  3 kobolds
  A rat (D:3)
56 creatures vanquished.

Vanquished Creatures (collateral kills)
  A bullfrog (D:6)
  An orc priest (D:5)
  A worm (D:4)
  A foxfire (D:3)
4 creatures vanquished.

Vanquished Creatures (others)
  244 foxfires
  19 plants (D:3)
263 creatures vanquished.

Grand Total: 323 creatures vanquished

Notes
Turn   | Place    | Note
-------+----------+-------------------------------------------
     0 | D:1      | 101zpm the Djinni Fire Elementalist began the quest for the
                  | Orb.
     0 | D:1      | 101zpm set off with the following spells memorised:
                  | Foxfire, Scorch, Conjure Flame, Inner Flame, Flame Wave.
     0 | D:1      | Reached XP level 1. HP: 15/15 MP: 0/0
   331 | D:2      | Reached XP level 2. HP: 18/21 MP: 0/0
   526 | D:1      | Reached skill level 3 in Spellcasting
   526 | D:1      | Reached XP level 3. HP: 22/25 MP: 0/0
   526 | D:1      | Learned a level 1 spell: Shock
   966 | D:3      | Found a sparkling altar of Nemelex Xobeh.
  1089 | D:3      | Reached XP level 4. HP: 8/31 MP: 0/0
  1678 | D:3      | Found an opulent altar of Gozag.
  1834 | D:4      | Reached XP level 5. HP: 29/35 MP: 0/0
  1834 | D:4      | Learned a level 2 spell: Call Imp
  1846 | D:4      | Reached skill level 4 in Spellcasting
  2116 | D:5      | Entered Level 5 of the Dungeon
  2309 | D:5      | Reached XP level 6. HP: 25/40 MP: 0/0
  2533 | D:5      | Noticed an ogre
  2582 | D:5      | Killed an ogre
  2583 | D:5      | Reached skill level 5 in Spellcasting
  2583 | D:5      | Reached XP level 7. HP: 39/46 MP: 0/0
  2583 | D:5      | Learned a level 3 spell: Tukima's Dance
  2980 | D:5      | Found a blossoming altar of Fedhas.
  3045 | D:5      | Found Idirexygg's General Store.
  3263 | D:6      | Found Afrisa Hyvosk's Assorted Antiques.
  3274 | D:6      | Reached skill level 6 in Spellcasting
  3600 | D:6      | Found a staircase to the Ecumenical Temple.
  3611 | Temple   | Entered the Ecumenical Temple
  3769 | Temple   | Became a worshipper of Makhleb the Destroyer
  3893 | D:7      | Reached XP level 8. HP: 38/51 MP: 0/0
  4320 | D:7      | Noticed Maggie
  4326 | D:7      | Killed Maggie
  4327 | D:7      | Reached skill level 1 in Fighting
  4327 | D:7      | Reached skill level 7 in Spellcasting
  4656 | D:8      | Noticed a yak
  4656 | D:8      | Noticed a yak
  4656 | D:8      | Noticed a yak
  4656 | D:8      | Noticed a yak
  4656 | D:8      | Noticed a yak
  4658 | D:8      | Noticed a yak
  4678 | D:8      | Mangled by a yak

Illustrated notes

Levels and vault maps discovered:
D:1:      dpeg_arrival_three_same_balls, layout_rooms, hex_large
D:2:      layout_rooms
D:3:      layout_basic, mainiacjoe_overflow_six_doors_small,
          grunt_gozag_breadcrumbs, serial_bayou, serial_bayou_lake_a,
          serial_bayou_crossing, serial_bayou_shore_b, serial_bayou_ford_a,
          serial_bayou_shore_b, minmay_tree_intersection
D:4:      layout_rooms
D:5:      layout_gridville, mainiacjoe_overflow_surrounded_room, serial_shops,
          shop, nicolae_shop_competitors_out_of_business, shop
D:6:      layout_basic, minmay_temple_entry_stoned_glass, serial_shops,
          nicolae_shop_waterfront
D:7:      layout_cave_pools, ashenzari_conservatory_becter, uniq_maggie
D:8:      layout_loops_ring, kennysheep_minor_cross, disabler_island
Temple:   eino_temple_rhombus

Skill      XL: |  1  2  3  4  5  6  7  8 |
---------------+-------------------------+-----
Spellcasting   | 3 4 5 6 7 |  7.2
Stealth        | 2 |  2.7
Fighting       | 1 |  1.0
Dodging        | |  2.9

Action                   |  1- 3 |  4- 6 |  7- 9 || total
-------------------------+-------+-------+-------++-------
Melee: Unarmed           |     2 |       |       ||     2
 Cast: Foxfire           |    44 |    70 |    27 ||   141
       Shock             |     3 |     4 |     1 ||     8
       Call Imp          |       |     7 |    10 ||    17
       Inner Flame       |       |       |    16 ||    16
       Scorch            |       |       |    12 ||    12
Armor: Robe              |     4 |       |       ||     4
Dodge: Dodged            |    11 |     2 |    12 ||    25
